 Dungeon Crawl Stone Soup version 0.24.0-123-gd5b16e6ec5 (webtiles) character file.

Game seed: 14195383016367650883, levelgen mode: deterministic

651 Chiseanne the Magician (level 7, -2/45 (46) HPs)
             Began as a Demonspawn Wizard on Jan 21, 2020.
             Slain by Prince Ribbit (10 damage)
             ... on level 5 of the Dungeon.
             The game lasted 00:08:02 (5906 turns).

Chiseanne the Magician (Demonspawn Wizard)          Turns: 5906, Time: 00:08:03

HP:   -2/45 (46)    AC:  4    Str:  8    XL:     7   Next: 28%
MP:   4/15          EV: 12    Int: 21    God:
Gold: 303           SH:  0    Dex: 11    Spells: 8/17 levels left

rFire    . . .     SeeInvis .   t - +0 rapier
rCold    . . .     Gourm    .   (no shield)
rNeg     . . .     Faith    .   a - +0 robe
rPois    .         Spirit   .   b - +0 hat
rElec    .         Reflect  .   (no cloak)
rCorr    .         Harm     .   (no gloves)
MR       .....                  (no boots)
Stlth    ++........             (no amulet)
HPRegen  0.15/turn              (no ring)
MPRegen  0.14/turn              (no ring)

@: drained
A: claws 1, yellow scales 1, powered by death 1, spiny 1
a: no special abilities


You were on level 5 of the Dungeon.
You were not hungry.

You visited 1 branch of the dungeon, and saw 5 of its levels.

You collected 303 gold pieces.

Inventory:

Hand Weapons
 f - a +3 dagger
 j - a +0 long sword
 s - a +0 hunting sling
 t - a +0 rapier (weapon)
Missiles
 e - 133 stones (quivered)
 o - 25 sling bullets
 v - 8 curare-tipped darts
 w - 51 arrows
Armour
 a - a +0 robe (worn)
 b - a +0 hat (worn)
Magical Staves
 x - an uncursed staff of fire {unknown}
Scrolls
 c - 4 scrolls of teleportation
 l - a scroll of amnesia
 r - a scroll of immolation
Potions
 g - 2 potions of cancellation
 h - 3 potions of agility
 i - a potion of berserk rage {unknown}
 k - a potion of degeneration {unknown}
 m - a potion of invisibility
 n - a potion of brilliance {unknown}
 p - a potion of flight {unknown}
 q - 2 potions of mutation
 u - 2 potions of curing {unknown}
 z - 3 potions of heal wounds {unknown}
Comestibles
 d - 8 rations
 A - 2 chunks of flesh


   Skills:
 - Level 1.7(1.2) Dodging
 - Level 1.7(1.2) Stealth
 * Level 5.9(5.3) Spellcasting
 * Level 5.6(5.0) Conjurations
   Level 1.0(0.4) Summonings
 - Level 0.8(0.3) Translocations


You had 8 spell levels left.
You knew the following spells:

 Your Spells              Type           Power        Failure   Level  Hunger
a - Magic Dart            Conj           ####         1%          1    None
b - Blink                 Tloc           N/A          14%         2    None
c - Conjure Flame         Conj/Fire      ###.....     11%         3    ##.....
d - Mephitic Cloud        Conj/Pois/Air  ##......     16%         3    ##.....

Your spell library contained the following spells:

 Spells                   Type           Power        Failure   Level  Hunger
 Call Imp                 Summ           #.......     13%         2    None
 Slow                     Hex            #.......     16%         2    None


Dungeon Overview and Level Annotations

Branches:
Dungeon (5/15)
 Temple: D:4-7

Altars:
Elyvilon
Makhleb
Nemelex Xobeh
Okawaru

Annotations:
D:5 Edmund, Prince Ribbit


Innate Abilities, Weirdness & Mutations

You have sharp fingernails.
You are partially covered in yellow scales. (AC +2)
You regenerate a little health from kills.
You are partially covered in sharp spines.


Message History

The leopard gecko is engulfed in noxious fumes.
The leopard gecko appears confused.
Prince Ribbit is struck by your spines. Prince Ribbit closely misses you.
Casting: Mephitic Cloud (safe; 16% risk of failure)
Confirm with . or Enter, or press ? or * to list all spells.
Aiming: Mephitic Cloud (safe; 16% risk of failure)
Press: ? - help, Shift-Dir - straight line, f - Prince Ribbit, p - leopard gecko
Aim: Prince Ribbit (moderately wounded) That beam is likely to hit you.
Continue anyway?
The ball explodes into a vile cloud!
The stinking cloud engulfs Prince Ribbit but does no damage.
Prince Ribbit is moderately wounded.
The stinking cloud engulfs the centaur but does no damage.
The stinking cloud engulfs you but does no damage.
Edmund seems less confused.
The centaur is engulfed in noxious fumes.
The centaur appears confused.
Prince Ribbit is engulfed in noxious fumes.
Prince Ribbit is struck by your spines. Prince Ribbit hits you!
You die...

.(.................^..
##.........#######.##.
........#### ..#
##.####.###### #. ....
#......# .#
.....#......#
.....#..l...#
.._?.....○°○.# ..
......#..☼..@# ....
.!....#....○F###.....
..... #....c☼........
##.## #.....$.@......
........###....."....
##.###### #........s.
#...)......
#.....##### ..|...?.


You could see Edmund, Prince Ribbit, a centaur (confused) and a leopard gecko
(confused).

Vanquished Creatures
  A necrophage (D:5)
  An ogre (D:4)
  A bullfrog (D:4)
  2 orc priests
  3 hounds
  2 centaur skeletons (D:4)
  An orc wizard (D:4)
  9 adders
  A shadow imp (D:5)
  An ooze (D:3)
  2 worms
  A dart slug (D:1)
  4 leopard geckos
  7 orcs
  3 giant cockroaches
  7 goblins
  11 hobgoblins
  4 jackals (D:3)
  2 quokkas
  7 bats
  8 frilled lizards
  11 kobolds
  9 rats
98 creatures vanquished.

Notes
Turn   | Place    | Note
-------+----------+-------------------------------------------
     0 | D:1      | Chiseanne the Demonspawn Wizard began the quest for the
                  | Orb.
     0 | D:1      | Reached XP level 1. HP: 13/13 MP: 4/4
   229 | D:1      | Gained mutation: You are partially covered in yellow
                  | scales. (AC +2) [demonic ancestry]
   229 | D:1      | Reached XP level 2. HP: 19/19 MP: 0/6
  1352 | D:2      | Gained mutation: You regenerate a little health from kills.
                  | [demonic ancestry]
  1352 | D:2      | Reached XP level 3. HP: 24/24 MP: 8/8
  2189 | D:2      | Gained mutation: You are partially covered in sharp spines.
                  | [demonic ancestry]
  2189 | D:2      | Reached XP level 4. HP: 30/30 MP: 6/9
  2736 | D:2      | Found a burning altar of Makhleb.
  2969 | D:2      | Learned a level 2 spell: Blink
  2973 | D:2      | Learned a level 3 spell: Conjure Flame
  2977 | D:2      | Learned a level 3 spell: Mephitic Cloud
  3356 | D:2      | Reached XP level 5. HP: 18/35 MP: 7/11
  4055 | D:3      | Found a sparkling altar of Nemelex Xobeh.
  4313 | D:4      | Gained mutation: You have sharp fingernails. [demonic
                  | ancestry]
  4313 | D:4      | Reached XP level 6. HP: 40/41 MP: 8/13
  4570 | D:4      | Reached skill level 5 in Spellcasting
  4956 | D:4      | Reached skill level 5 in Conjurations
  5183 | D:4      | Reached XP level 7. HP: 46/46 MP: 7/15
  5260 | D:4      | Found a white marble altar of Elyvilon.
  5534 | D:5      | Entered Level 5 of the Dungeon
  5814 | D:5      | Found an iron altar of Okawaru.
  5890 | D:5      | Noticed Edmund
  5898 | D:5      | Noticed Prince Ribbit
  5906 | D:5      | Slain by Prince Ribbit

Levels and vault maps discovered:
D:1:      ncdulo_lavacross, layout_rooms
D:2:      layout_basic, makhleb_blood_cavern_becter, serial_glass,
          glass_columns_a, glass_columns_a
D:3:      layout_rooms, nemelex_altar_shiori, first_ration
D:4:      layout_loops_corners, lemuel_round_altar
D:5:      layout_basic, old_standard_altar, old_standard_altar, serial_shops,
          shop, nicolae_shop_crystal, nicolae_shop_behind_doors, uniq_edmund,
          uniq_prince_ribbit1

Skill      XL: |  1  2  3  4  5  6 |
---------------+-------------------+-----
Conjurations   | 2 3 4 5 |  5.6
Spellcasting   | 4 5 |  5.9
Dodging        | |  1.7
Stealth        | |  1.7
Summonings     | |  1.0
Translocations | |  0.8

Action                   |  1- 3 |  4- 6 |  7- 9 || total
-------------------------+-------+-------+-------++-------
Melee: Dagger            |    35 |    11 |       ||    46
       Rapier            |       |       |     5 ||     5
 Cast: Magic Dart        |    75 |   134 |    29 ||   238
       Mephitic Cloud    |       |     2 |     3 ||     5
       Blink             |       |     1 |       ||     1
  Use: Scroll            |     8 |     4 |       ||    12
 Stab: Sleeping          |     2 |       |       ||     2
       Confused          |       |     3 |     1 ||     4
  Eat: Chunk             |     2 |    10 |       ||    12
       Ration            |       |       |     1 ||     1
Armor: Robe              |    13 |     8 |     3 ||    24
Dodge: Dodged            |    39 |    36 |     3 ||    78
